 Dungeon Crawl Stone Soup version 0.27-a0-1193-g8631133539 (webtiles) character file.

Game seed: 14280361673274816285

7 Sobieck the Insei (level 2, 0/16 HPs)
             Began as a Vine Stalker Monk on May 25, 2021.
             Succumbed to an adder's poison
             ... on level 2 of the Dungeon.
             The game lasted 00:00:49 (584 turns).

Sobieck the Insei (Vine Stalker Monk)                Turns: 584, Time: 00:00:50

Health: 0/16       AC:  2    Str: 13    XL:     2   Next: 4%
Magic:  1/3        EV: 12    Int: 10    God:
Gold:   17         SH:  0    Dex: 16    Spells: 1/1 levels left

rFire    . . .     SeeInvis .     - Unarmed
rCold    . . .     Faith    .   (no shield)
rNeg     . . .     Spirit   +   a - +0 robe
rPois    .         Reflect  .   (no helmet)
rElec    .         Harm     .   (no cloak)
rCorr    .         Rampage  .   (no gloves)
Will     .....                  (no boots)
Stlth    ++........             (no amulet)
HPRegen  0.05/turn              (no ring)
MPRegen  0.08/turn              (no ring)

@: lethally poisoned (0 -> -4), very slightly contaminated, invisible
A: fangs 2, magic shield, antimagic bite, no potion heal 2
a: no special abilities


You were on level 2 of the Dungeon.
You visited 1 branch of the dungeon, and saw 2 of its levels.

You collected 17 gold pieces.


Innate Abilities, Weirdness & Mutations

You have extremely sharp teeth.
When hurt, damage is shared between your health and your magic reserves.
Your bite disrupts and absorbs the magic of your enemies.
Potions cannot restore your health.


   Skills:
 + Level 2.8 Fighting
 + Level 2.5 Dodging
 - Level 2.4 Stealth
 * Level 3.2 Unarmed Combat


You had one spell level left.
You didn't know any spells.
Your spell library was empty.

Inventory:

Missiles
 b - 18 stones (quivered) {throwing}
Armour
 a - a +0 robe (worn)

Dungeon Overview and Level Annotations

Branches:
Dungeon (2/15)

Altars:

######
#....#
#....#
#....######
#..@.......
#..S.######
#....#
#(...#
(##.## #.
... # #..
##.


You could see an adder.


Message History

You take 2 damage, and now have 5/11 hp.
Your mp is fully restored (2).
You barely miss the quokka. You bite the quokka.
You kill the quokka!
You see here a quokka corpse.
c - a fuming yellow potion You start resting. 😎 HP[+6]
Your hp is fully restored (11).
A hobgoblin comes into view.
Found a stone staircase leading down.
You hit the hobgoblin but do no damage. You hit the hobgoblin but do no damage.
Your bite misses the hobgoblin. The hobgoblin hits you. 😕 HP[-2] MP[-1]
You take 2 damage, and now have 9/11 hp.
You lost 1 mp, and now have 1/2 mp.
You closely miss the hobgoblin. You bite the hobgoblin. You drain its power.
You feel invigorated. The hobgoblin hits you. 😮 HP[-3] MP[+1]
You take 3 damage, and now have 6/11 hp.
MASSIVE DAMAGE!! (PAUSE)
Your mp is fully restored (2).
You hit the hobgoblin. Your bite misses the hobgoblin.
The hobgoblin barely misses you.
You hit the hobgoblin.
You bite the hobgoblin, but do no damage.
The hobgoblin hits you.
* * * LOW HITPOINT WARNING * * *
😨 HP[-1]
You take 1 damage, and now have 5/11 hp.
You closely miss the hobgoblin.
You bite the hobgoblin, but do no damage.
The hobgoblin hits you but does no damage.
You barely miss the hobgoblin.
You bite the hobgoblin, but do no damage.
The hobgoblin barely misses you.
You closely miss the hobgoblin. The hobgoblin closely misses you.
You hit the hobgoblin.
You kill the hobgoblin!
You have reached level 2! 😨 HP[+3] MP[+1]
You now have 16 max hp (+5).
You regained 3 hp, and now have 8/16 hp.
Your mp is fully restored (3).
You see here a hobgoblin corpse.
There is a stone staircase leading down here.
You start resting. 😎 HP[+8]
Your hp is fully restored (16).
You climb downwards.
An adder comes into view.
There is a stone staircase leading up here.
You throw a stone {throwing}.
The stone {throwing} hits the adder but does no damage.
The adder hisses angrily.
You throw a stone {throwing}. The stone {throwing} hits the adder.
You throw a stone {throwing}.
The stone {throwing} barely misses the adder.
The adder bites you. 😕 HP[-1] MP[-1]
You take 1 damage, and now have 15/16 hp.
You lost 1 mp, and now have 2/3 mp.
You closely miss the adder. The adder barely misses you.
You closely miss the adder. The adder bites you. 😕 HP[-1]
You take 1 damage, and now have 14/16 hp.
You hit the adder. The adder bites you. 😮 HP[-2]
You take 2 damage, and now have 12/16 hp.
You hit the adder. The adder bites you. x2
* * * LOW HITPOINT WARNING * * *
You are lethally poisoned!
The adder poisons you! 😨 HP[-5]
You take 5 damage, and now have 7/16 hp.
MASSIVE DAMAGE!! (PAUSE) It was a potion of invisibility.
You fade into invisibility!
* * * LOW HITPOINT WARNING * * *
You feel sick. The adder barely misses you.
You are very lightly contaminated with residual magic. 😨 HP[-2]
You take 2 damage, and now have 5/16 hp.
You hit the adder but do no damage. Your punch misses the adder.
Your bite misses the adder.
* * * LOW HITPOINT WARNING * * *
You feel sick. The adder barely misses you. 😱 HP[-1]
You take 1 damage, and now have 4/16 hp.
You catch the helpless adder completely off-guard!
You hit the adder. Your bite misses the adder.
* * * LOW HITPOINT WARNING * * *
You feel sick. The adder closely misses you. The adder bites you.
* * * LOW HITPOINT WARNING * * *
😱 HP[-3] MP[-1]
You take 3 damage, and now have 1/16 hp.
You lost 1 mp, and now have 1/3 mp.
You barely miss the adder.
You die...

Action                   || total
-------------------------++-------
Melee: Unarmed           ||    31
       Bite              ||     7
Throw: Stone             ||     3
  Use: Potion            ||     1
 Stab: Sleeping          ||     1
       Invisible         ||     1
Armor: Robe              ||     1
Dodge: Dodged            ||    11

Levels and vault maps discovered:
D:1:      ncdulo_wetmaze, layout_basic
D:2:      layout_rooms, basic_ecumenical_altar

Notes
Turn   | Place    | Note
-------+----------+-------------------------------------------
     0 | D:1      | Sobieck the Vine Stalker Monk began the quest for the Orb.
     0 | D:1      | Reached XP level 1. HP: 11/11 MP: 2/2
     0 | D:1      | magus.rc [v1.9.6]
   419 | D:1      | Reached XP level 2. HP: 8/16 MP: 3/3
   582 | D:2      | HP: 4/16 [poisoned by an adder]
   583 | D:2      | HP: 1/16 [adder (2)]
   584 | D:2      | Succumbed to an adder's poison

Vanquished Creatures
  An endoplasm (D:1)
  2 hobgoblins (D:1)
  A quokka (D:1)
  A frilled lizard (D:1)
  2 rats (D:1)
7 creatures vanquished.

Table legend:
 A = Non-vault XP
 B = Vault XP
 C = Vault XP percentage of total XP
 D = Non-vault monster count
 E = Vault monster count
 F = Vault count percentage of total count
                 A         B        C        D         E       F
            +---------+---------+-------+---------+---------+-------
      Total |      11 |       0 |   0.0 |       7 |       0 |   0.0
            +---------+---------+-------+---------+---------+-------
        D:1 |      11 |       0 |   0.0 |       7 |       0 |   0.0
            +---------+---------+-------+---------+---------+-------

Illustrated notes

Table legend:
 A = Kills in this place as a percentage of kills in entire the game.
 B = Kills by you in this place as a percentage of kills by you in the entire game.
 C = Kills by friends in this place as a percentage of kills by friends in the entire game.
 D = Other kills in this place as a percentage of other kills in the entire game.
 E = Experience gained in this place as a percentage of experience gained in the entire game.
 F = Experience gained in this place divided by the number of levels of this place that you have seen.
                   A       B       C       D       E      F
               +-------+-------+-------+-------+-------+----------------------
         Total | 100.0 | 100.0 |   N/A |   N/A | 100.0 |   5.5
       Dungeon | 100.0 | 100.0 |   N/A |   N/A | 100.0 |   5.5
               +-------+-------+-------+-------+-------+----------------------

Table legend: (Time is in decaauts)
 A = Elapsed time spent in this place.
 B = Non-inter-level travel time spent in this place.
 C = Inter-level travel time spent in this place.
 D = Time resting spent in this place.
 E = Time spent auto-exploring this place.
 F = Levels seen in this place.
 G = Mean time per level.
                   A        B        C        D        E       F      G
               +--------+--------+--------+--------+--------+-----+--------+
         Total |    590 |    590 |      0 |    474 |     48 |   2 |  295.0 |
       Dungeon |    590 |    590 |      0 |    474 |     48 |   2 |  295.0 |
               +--------+--------+--------+--------+--------+-----+--------+

Top non-repeatable levels by time:
     D:1: 579 daAuts
     D:2: 10 daAuts
